[Event "Krakow Championship-B 2022"]
[Site "Krakow"]
[Date "2022.06.26"]
[Round "2.9"]
[White "Czaplak, Lukasz"]
[Black "Klementys, Jerzy"]
[Result "0-1"]
[ECO "B92"]
[WhiteElo "1905"]
[BlackElo "1614"]
[Annotator "NA RC"]
[PlyCount "114"]
[EventDate "2022.06.25"]
[EventType "swiss"]
[EventCountry "POL"]
[SourceTitle "playchess.com"]
[Source "ChessBase"]
[SourceQuality "1"]
[TimeControl "40/5400+30:1800+30"]

1. e4 c5 2. Nf3 d6 3. d4 cxd4 4. Nxd4 Nf6 5. Nc3 a6 6. Be2 e5 7. Nb3 Be6 8. O-O Be7 9. f4 Qc7 10. f5 Bc4 11. Bxc4 Qxc4 12. Qd3 Qc6 13. Bg5 Nbd7 14. Kh1 Rc8 15. Rad1 b5 16. a3 h6 17. Bh4 Qc7 18. Rd2 O-O 19. Bxf6 Nxf6 20. Qf3 Qb6 21. g4 a5 22. Rg1 b4 23. axb4 axb4 24. Nd1 Qb7 25. Nf2 Nh7 26. Nh3 Ng5 27. Nxg5 Bxg5 28. Re2 Rfd8 29. Rd1 Qa8 30. Ra1 Qb7 31. Rd1 Ra8 32. Rd5 Qb6 33. Qd3 Ra2 34. Rb5 Qa7 35. c4 bxc3 36. Qxc3 Rb8 37. Rxb8+ Qxb8 38. Kg2 Ra4 39. h3 Rb4 40. Nc1 Qb7 41. Kf3 d5 42. exd5 Qxd5+ 43. Kg3 Rc4 44. Qd3 Bf4+ 45. Kf2 Qc5+ 46. Kg2 Rxc1 47. Rf2 Qc6+ 48. Qf3 Qxf3+ 49. Kxf3 Rc4 50. Re2 Rb4 51. Rc2 Rb3+ 52. Ke4 Rxh3 53. Kd5 Rd3+ 54. Kc4 Rd2 55. Rxd2 Bxd2 56. b4 f6 57. b5 Be3 0-1

[Event "Krakow Championship-B 2022"]
[Site "Krakow"]
[Date "2022.06.26"]
[Round "2.10"]
[White "Evenshaug, Amadeus Hestvik"]
[Black "Cichon, Jakub"]
[Result "0-1"]
[ECO "A01"]
[WhiteElo "1785"]
[BlackElo "1884"]
[Annotator "NA RC"]
[PlyCount "70"]
[EventDate "2022.06.25"]
[EventType "swiss"]
[EventCountry "POL"]
[SourceTitle "playchess.com"]
[Source "ChessBase"]
[SourceQuality "1"]
[TimeControl "40/5400+30:1800+30"]

1. b3 b6 2. Bb2 Bb7 3. Nf3 Nf6 4. e3 g6 5. c4 Bg7 6. d4 e6 7. Be2 O-O 8. Nbd2 Qe7 9. Qc2 d5 10. a4 Rc8 11. c5 a5 12. O-O bxc5 13. dxc5 Nfd7 14. Ba3 c6 15. Ra2 Ba6 16. Bxa6 Nxa6 17. Rc1 Rcb8 18. Nd4 Rc8 19. N2f3 e5 20. Ne2 Rab8 21. e4 d4 22. Nd2 Bh6 23. f4 Nb4 24. Bxb4 Rxb4 25. Nf3 d3 26. Qxd3 Nxc5 27. Qe3 Nxe4 28. Rc4 exf4 29. Nxf4 Rxc4 30. bxc4 Bxf4 31. Qxf4 Qc5+ 32. Kf1 Qxc4+ 33. Re2 Re8 34. Ne5 Nd2+ 35. Kf2 Qxf4+ 0-1

[Event "Krakow Championship-B 2022"]
[Site "Krakow"]
[Date "2022.06.26"]
[Round "2.11"]
[White "Hnatyshyn, Anastasiia"]
[Black "Skytte, Robert"]
[Result "1-0"]
[ECO "B15"]
[WhiteElo "1890"]
[BlackElo "1551"]
[Annotator "NA RC"]
[PlyCount "97"]
[EventDate "2022.06.25"]
[EventType "swiss"]
[EventCountry "POL"]
[SourceTitle "playchess.com"]
[Source "ChessBase"]
[SourceQuality "1"]
[TimeControl "40/5400+30:1800+30"]

1. e4 c6 2. d4 d5 3. Nc3 dxe4 4. Nxe4 Nf6 5. Nxf6+ exf6 6. Nf3 Bd6 7. Bd3 O-O 8. O-O Re8 9. h3 Nd7 10. c3 Nf8 11. Qc2 Be6 12. Be3 Qd7 13. Rfe1 Ng6 14. Bf1 Bd5 15. Nd2 Bc7 16. c4 Be6 17. Rad1 Nh4 18. b3 Nxg2 19. Bxg2 Bxh3 20. Nf1 Qg4 21. Ng3 Bxg3 22. fxg3 Qxg3 23. Qf2 Qg4 24. Qf3 Qxg2+ 25. Qxg2 Bxg2 26. Kxg2 h5 27. Kf3 f5 28. d5 cxd5 29. cxd5 a6 30. Bb6 Kf8 31. d6 Rad8 32. Bxd8 Rxd8 33. Kf4 g6 34. d7 b5 35. Kg5 a5 36. Kf6 a4 37. Re7 axb3 38. axb3 b4 39. Rxf7+ Kg8 40. Ke7 h4 41. Kxd8 Kxf7 42. Kc7 f4 43. d8=Q f3 44. Qxh4 f2 45. Rd7+ Ke6 46. Qe4+ Kf6 47. Rd6+ Kg5 48. Rxg6+ Kh5 49. Qg4# 1-0

[Event "Krakow Championship-B 2022"]
[Site "Krakow"]
[Date "2022.06.26"]
[Round "2.12"]
[White "Khandhar, Kaushal"]
[Black "Garsky, Vladyslav"]
[Result "1-0"]
[ECO "A45"]
[WhiteElo "1936"]
[BlackElo "1860"]
[Annotator "NA RC"]
[PlyCount "39"]
[EventDate "2022.06.25"]
[EventType "swiss"]
[EventCountry "POL"]
[SourceTitle "playchess.com"]
[Source "ChessBase"]
[SourceQuality "1"]
[TimeControl "40/5400+30:1800+30"]

1. d4 Nf6 2. Nc3 d5 3. Bf4 e6 4. Nb5 Na6 5. e3 c6 6. Nc3 Qa5 7. a3 c5 8. dxc5 Qxc5 9. Nf3 Bd6 10. Bxa6 bxa6 11. Bxd6 Qxd6 12. Qd4 O-O 13. e4 e5 14. Nxe5 Re8 15. f4 Qb8 16. O-O-O dxe4 17. Nxe4 Nxe4 18. Qxe4 f6 19. Rd8 Qb5 20. Qd5+ 1-0

[Event "Krakow Championship-B 2022"]
[Site "Krakow"]
[Date "2022.06.26"]
[Round "3.1"]
[White "Szczurek, Krzysztof"]
[Black "Zamekhovskiy, Yevgen"]
[Result "1/2-1/2"]
[ECO "A05"]
[WhiteElo "2151"]
[BlackElo "1926"]
[Annotator "RC"]
[PlyCount "41"]
[EventDate "2022.06.25"]
[EventType "swiss"]
[EventCountry "POL"]
[SourceTitle "playchess.com"]
[Source "ChessBase"]
[SourceQuality "1"]
[TimeControl "40/5400+30:1800+30"]

1. Nf3 Nf6 2. g3 g6 3. Bg2 Bg7 4. c4 d6 5. O-O O-O 6. Nc3 e5 7. b4 e4 8. Nd4 Nc6 9. Nxc6 bxc6 10. d4 Be6 11. Nxe4 Nxe4 12. Bxe4 Bxc4 13. Be3 Rb8 14. Bxc6 Rxb4 15. Bf3 d5 16. Qc2 Qd7 17. Rfb1 Rfb8 18. Rxb4 Rxb4 19. Rb1 Qb5 20. Rxb4 Qxb4 21. a4 1/2-1/2

[Event "Krakow Championship-B 2022"]
[Site "Krakow"]
[Date "2022.06.26"]
[Round "3.2"]
[White "Skomial, Mateusz"]
[Black "Hnatyshyn, Anastasiia"]
[Result "1-0"]
[ECO "B30"]
[WhiteElo "2063"]
[BlackElo "1890"]
[Annotator "NA RC"]
[PlyCount "103"]
[EventDate "2022.06.25"]
[EventType "swiss"]
[EventCountry "POL"]
[SourceTitle "playchess.com"]
[Source "ChessBase"]
[SourceQuality "1"]
[TimeControl "40/5400+30:1800+30"]

1. e4 c5 2. Nf3 Nc6 3. c4 g6 4. d4 cxd4 5. Nxd4 Nf6 6. Nc3 d6 7. Be2 Bg7 8. Be3 O-O 9. h4 h5 10. f3 Qb6 11. Nxc6 Qxe3 12. Nxe7+ Kh7 13. Qd2 Qc5 14. Nxc8 Raxc8 15. Rd1 Rcd8 16. Qg5 Rfe8 17. a3 Re5 18. Qd2 Ree8 19. Kf1 Ng8 20. Nd5 Ne7 21. b4 Qc8 22. g3 Nc6 23. Kg2 Nd4 24. Bd3 Qd7 25. Bb1 Rc8 26. Bd3 Qe6 27. Rhe1 Qd7 28. Qf2 Qa4 29. Qa2 Qd7 30. Bf1 Qa4 31. Rd2 Qd7 32. Re3 Kh8 33. Red3 Nc6 34. Nf4 Bf8 35. c5 Ne5 36. Rd5 Kh7 37. Kf2 Rcd8 38. Bh3 Qc7 39. Nd3 Nxd3+ 40. R2xd3 dxc5 41. Rd7 Rxd7 42. Rxd7 Qe5 43. Qxf7+ Bg7 44. Bf1 cxb4 45. axb4 Qb2+ 46. Be2 Rc8 47. Rd6 Rf8 48. Qxg6+ Kg8 49. Rd7 b5 50. f4 a6 51. e5 Qxe5 52. Bd3 1-0

[Event "Krakow Championship-B 2022"]
[Site "Krakow"]
[Date "2022.06.26"]
[Round "3.3"]
[White "Maciejewski, Kamil"]
[Black "Stemmler, Fabian"]
[Result "0-1"]
[ECO "A04"]
[WhiteElo "1939"]
[BlackElo "2054"]
[Annotator "RC"]
[PlyCount "138"]
[EventDate "2022.06.25"]
[EventType "swiss"]
[EventCountry "POL"]
[SourceTitle "playchess.com"]
[Source "ChessBase"]
[SourceQuality "1"]
[TimeControl "40/5400+30:1800+30"]

1. Nf3 f5 2. d3 Nc6 3. d4 e6 4. c4 Nf6 5. Nc3 Bb4 6. d5 Bxc3+ 7. bxc3 Ne7 8. Bg5 Ne4 9. Qd4 Nxg5 10. Nxg5 Ng6 11. h4 e5 12. Qd2 h6 13. Nf3 d6 14. h5 Ne7 15. g3 O-O 16. Bg2 Qe8 17. Qc2 Bd7 18. Nd2 c5 19. f4 exf4 20. gxf4 Qf7 21. Bf3 Kh8 22. Kf2 Ng8 23. Rag1 Nf6 24. e3 Rae8 25. Nf1 Re7 26. Ng3 Rfe8 27. Re1 Ne4+ 28. Bxe4 fxe4 29. Rh4 Qf6 30. Reh1 b5 31. cxb5 Bxb5 32. c4 Bd7 33. R4h2 Bg4 34. Rb1 Bf3 35. Rb3 Rf7 36. Qb2 Qd8 37. Qc3 Qa8 38. Ne2 Rb7 39. Ng1 Bd1 40. Rxb7 Qxb7 41. Qc1 Bg4 42. Kg3 Bf5 43. Rb2 Qf7 44. Qd1 Rg8 45. Rh2 g5 46. Qa1+ Kh7 47. Kf2 gxf4 48. exf4 Bg4 49. Ke3 Rf8 50. Rf2 Bf3 51. Nh3 Qf5 52. Rh2 Bg4 53. Qf1 Qf6 54. Kf2 Bxh3 55. Qxh3 Qxf4+ 56. Ke2 Rf7 57. Qg2 Rg7 58. Qf2 Qg4+ 59. Kd2 Qg5+ 60. Qe3 Qe5 61. Re2 Re7 62. Qc3 Qxh5 63. Rg2 e3+ 64. Kc2 Qf5+ 65. Kb2 e2 66. Rg1 Qe5 67. Re1 Qxc3+ 68. Kxc3 h5 69. Kd3 Kh6 0-1

[Event "Krakow Championship-B 2022"]
[Site "Krakow"]
[Date "2022.06.26"]
[Round "3.4"]
[White "Cichon, Jakub"]
[Black "Malik, Maciej"]
[Result "0-1"]
[ECO "B09"]
[WhiteElo "1884"]
[BlackElo "1984"]
[Annotator "NA RC"]
[PlyCount "48"]
[EventDate "2022.06.25"]
[EventType "swiss"]
[EventCountry "POL"]
[SourceTitle "playchess.com"]
[Source "ChessBase"]
[SourceQuality "1"]
[TimeControl "40/5400+30:1800+30"]

1. e4 g6 2. d4 d6 3. Nc3 Nf6 4. f4 Bg7 5. Nf3 O-O 6. Be3 Na6 7. h3 c5 8. d5 Nc7 9. Qd2 b5 10. e5 b4 11. exf6 bxc3 12. bxc3 exf6 13. Rb1 f5 14. c4 Re8 15. Be2 Qd7 16. Qd3 Ba6 17. Rb3 Re4 18. Nd2 Re7 19. O-O Rxe3 20. Qxe3 Bd4 21. Qxd4 cxd4 22. Nf3 Nxd5 23. Nxd4 Nf6 24. Rfb1 Qc7 0-1

[Event "Krakow Championship-B 2022"]
[Site "Krakow"]
[Date "2022.06.26"]
[Round "3.5"]
[White "Klementys, Jerzy"]
[Black "Khandhar, Kaushal"]
[Result "0-1"]
[ECO "D15"]
[WhiteElo "1614"]
[BlackElo "1936"]
[Annotator "NA RC"]
[PlyCount "62"]
[EventDate "2022.06.25"]
[EventType "swiss"]
[EventCountry "POL"]
[SourceTitle "playchess.com"]
[Source "ChessBase"]
[SourceQuality "1"]
[TimeControl "40/5400+30:1800+30"]

1. d4 d5 2. c4 c6 3. Nc3 Nf6 4. Nf3 a6 5. e3 Bf5 6. c5 Nbd7 7. Be2 e6 8. Nh4 Be7 9. Nxf5 exf5 10. O-O O-O 11. b4 Ne4 12. Bb2 b5 13. a4 Qc7 14. f3 Nxc3 15. Bxc3 Bg5 16. Bd2 Rae8 17. f4 Bh6 18. Bd3 g6 19. axb5 axb5 20. Ra3 Re6 21. Qa1 Nf6 22. Ra7 Qc8 23. h3 Rfe8 24. Qa3 Kg7 25. Bc2 Qb8 26. Ra1 Nh5 27. g4 fxg4 28. hxg4 Nxf4 29. exf4 Re2 30. Qd3 Qc8 31. g5 Qg4+ 0-1

[Event "Krakow Championship-B 2022"]
[Site "Krakow"]
[Date "2022.06.26"]
[Round "3.6"]
[White "Budkiewicz, Magdalena"]
[Black "Radzimski, Antoni"]
[Result "1-0"]
[ECO "C49"]
[WhiteElo "1916"]
[BlackElo "1612"]
[Annotator "NA RC"]
[PlyCount "127"]
[EventDate "2022.06.25"]
[EventType "swiss"]
[EventCountry "POL"]
[SourceTitle "playchess.com"]
[Source "ChessBase"]
[SourceQuality "1"]
[TimeControl "40/5400+30:1800+30"]

1. e4 e5 2. Nf3 Nf6 3. Nc3 Nc6 4. Bb5 Bb4 5. O-O O-O 6. d3 d6 7. Bg5 Ne7 8. Qe2 c6 9. Bc4 Ng6 10. Nh4 Re8 11. Nf5 d5 12. Bb3 h6 13. Bxf6 Qxf6 14. Ng3 d4 15. Nb1 Nf4 16. Qd1 Qg5 17. Kh1 h5 18. Rg1 h4 19. Ne2 Bg4 20. f3 Be6 21. Nxf4 exf4 22. Nd2 Bxd2 23. Qxd2 Bxb3 24. axb3 b6 25. g3 hxg3 26. Rxg3 Qh6 27. Rg4 f5 28. Rxf4 Re5 29. Rg1 Rf8 30. Qg2 Rf7 31. Qg3 Qf6 32. Qh3 g5 33. Rh4 fxe4 34. fxe4 Qf3+ 35. Qxf3 Rxf3 36. Rhg4 Rf2 37. Rxg5+ Rxg5 38. Rxg5+ Kh7 39. Rg2 Rf1+ 40. Rg1 Rf2 41. h3 Rxc2 42. Rg2 Rc1+ 43. Kh2 Rd1 44. Kg3 Rxd3+ 45. Kf4 Rxh3 46. e5 Re3 47. Kf5 d3 48. Kf6 Rf3+ 49. Ke7 Rf4 50. e6 Re4 51. Kf7 Re2 52. Rg1 Rf2+ 53. Ke8 d2 54. e7 Rf3 55. Kd7 Rd3+ 56. Kxc6 Re3 57. Rd1 Rxe7 58. Rxd2 Re3 59. b4 Rb3 60. b5 Kg6 61. Rd7 Rxb2 62. Rxa7 Kf6 63. Rd7 Ke6 64. Rd1 1-0

[Event "Krakow Championship-B 2022"]
[Site "Krakow"]
[Date "2022.06.26"]
[Round "3.7"]
[White "Lilja, Richard"]
[Black "Owoc, Jakub"]
[Result "0-1"]
[ECO "B19"]
[WhiteElo "2144"]
[BlackElo "1741"]
[Annotator "RC"]
[PlyCount "134"]
[EventDate "2022.06.25"]
[EventType "swiss"]
[EventCountry "POL"]
[SourceTitle "playchess.com"]
[Source "ChessBase"]
[SourceQuality "1"]
[TimeControl "40/5400+30:1800+30"]

1. e4 c6 2. d4 d5 3. Nc3 dxe4 4. Nxe4 Bf5 5. Ng3 Bg6 6. h4 h6 7. Nf3 Nd7 8. h5 Bh7 9. Bd3 Bxd3 10. Qxd3 e6 11. Bd2 Ngf6 12. O-O-O Qc7 13. Ne4 Nxe4 14. Qxe4 Nf6 15. Qe2 Bd6 16. Kb1 O-O-O 17. c4 c5 18. Bc3 cxd4 19. Nxd4 a6 20. Nb3 Be7 21. Rc1 Rd7 22. c5 Qc6 23. f3 Qd5 24. c6 Qd3+ 25. Qxd3 Rxd3 26. cxb7+ Kxb7 27. Na5+ Kb6 28. Nc4+ Kb7 29. Ne5 Rd5 30. Nxf7 Rc8 31. Rcd1 Rxh5 32. Rxh5 Nxh5 33. g4 Nf6 34. Nd6+ Bxd6 35. Rxd6 Rc6 36. Rd8 Rc8 37. Rxc8 Kxc8 38. Kc2 Kd7 39. Kd3 Kd6 40. Bb4+ Ke5 41. Bf8 Ne8 42. Ke3 Kd5 43. b3 Ke5 44. Bb4 g6 45. Bc3+ Kd5 46. Kf4 Nd6 47. Bf6 e5+ 48. Ke3 h5 49. gxh5 gxh5 50. Ke2 Nb5 51. Kd3 Nd4 52. Ke3 Nf5+ 53. Kf2 Ke6 54. Bg5 Kd5 55. Bd2 Kd4 56. Bb4 Kd3 57. Bc5 h4 58. Kg2 Nd4 59. Bd6 h3+ 60. Kxh3 Nxf3 61. b4 e4 62. Kg3 Nd4 63. Bc5 e3 64. Bxd4 Kxd4 65. a4 Kd3 66. b5 axb5 67. axb5 e2 0-1

[Event "Krakow Championship-B 2022"]
[Site "Krakow"]
[Date "2022.06.26"]
[Round "3.8"]
[White "Al-Hajiri, Bader"]
[Black "Moeller, Hannah"]
[Result "0-1"]
[ECO "A42"]
[WhiteElo "2052"]
[BlackElo "1833"]
[Annotator "NA RC"]
[PlyCount "42"]
[EventDate "2022.06.25"]
[EventType "swiss"]
[EventCountry "POL"]
[SourceTitle "playchess.com"]
[Source "ChessBase"]
[SourceQuality "1"]
[TimeControl "40/5400+30:1800+30"]

1. d4 g6 2. c4 Bg7 3. Nc3 d6 4. e4 Nd7 5. Be3 c6 6. Nf3 a6 7. a4 b6 8. Be2 Qc7 9. O-O Ngf6 10. h3 c5 11. e5 dxe5 12. dxe5 Nxe5 13. Bf4 Nfd7 14. Nd5 Qd8 15. Nxe5 Nxe5 16. Nxb6 Qxb6 17. Bxe5 Bxe5 18. Qd5 Qb8 19. Bf3 Ra7 20. Rfe1 Bd4 21. Rad1 O-O 0-1

[Event "Krakow Championship-B 2022"]
[Site "Krakow"]
[Date "2022.06.26"]
[Round "3.9"]
[White "Zarebska, Lena"]
[Black "Czaplak, Lukasz"]
[Result "0-1"]
[ECO "C02"]
[WhiteElo "1829"]
[BlackElo "1905"]
[Annotator "NA RC"]
[PlyCount "50"]
[EventDate "2022.06.25"]
[EventType "swiss"]
[EventCountry "POL"]
[SourceTitle "playchess.com"]
[Source "ChessBase"]
[SourceQuality "1"]
[TimeControl "40/5400+30:1800+30"]

1. e4 e6 2. d4 d5 3. e5 c5 4. c3 Qb6 5. Nf3 Nc6 6. a3 c4 7. h4 Bd7 8. g3 Na5 9. Nbd2 O-O-O 10. h5 f6 11. h6 Nxh6 12. exf6 gxf6 13. Nxc4 dxc4 14. Bxh6 Bxh6 15. Rxh6 Qxb2 16. Qc1 Qb5 17. Rb1 Qf5 18. Be2 e5 19. Rb4 Rhe8 20. Qb1 exd4 21. Nxd4 Qd5 22. Kf1 Rxe2 23. Nxe2 Bc6 24. Nf4 Qf3 25. Ne2 Rd2 0-1

[Event "Krakow Championship-B 2022"]
[Site "Krakow"]
[Date "2022.06.26"]
[Round "3.10"]
[White "Cwiek, Ryszard"]
[Black "Krupinski, Mikolaj"]
[Result "0-1"]
[ECO "B22"]
[WhiteElo "1880"]
[BlackElo "1826"]
[Annotator "NA RC"]
[PlyCount "41"]
[EventDate "2022.06.25"]
[EventType "swiss"]
[EventCountry "POL"]
[SourceTitle "playchess.com"]
[Source "ChessBase"]
[SourceQuality "1"]
[TimeControl "40/5400+30:1800+30"]

1. e4 c5 2. c3 d5 3. exd5 Qxd5 4. d4 Nc6 5. Nf3 Bg4 6. Be2 cxd4 7. cxd4 e5 8. Nc3 Bb4 9. O-O Bxc3 10. bxc3 Bxf3 11. Bxf3 e4 12. Bxe4 Qc4 13. Bxc6+ bxc6 14. Re1+ Kd8 15. Qg4 g6 16. Qe4 Kd7 17. Ba3 Rd8 18. Rab1 f6 19. Qf4 Qd5 20. Rb7+ Kc8 21. Qc7# 0-1

[Event "Krakow Championship-B 2022"]
[Site "Krakow"]
[Date "2022.06.26"]
[Round "3.11"]
[White "Evenshaug, Amadeus Hestvik"]
[Black "Cichon, Bartlomiej"]
[Result "0-1"]
[ECO "B23"]
[WhiteElo "1785"]
[BlackElo "1895"]
[Annotator "NA RC"]
[PlyCount "90"]
[EventDate "2022.06.25"]
[EventType "swiss"]
[EventCountry "POL"]
[SourceTitle "playchess.com"]
[Source "ChessBase"]
[SourceQuality "1"]
[TimeControl "40/5400+30:1800+30"]

1. e4 c5 2. Nc3 a6 3. f4 b5 4. Nf3 Bb7 5. d3 e6 6. a4 b4 7. Ne2 d5 8. e5 h5 9. h4 Nh6 10. Ng3 g6 11. Be2 Nc6 12. c3 bxc3 13. bxc3 d4 14. Ne4 Be7 15. c4 Nb4 16. Neg5 a5 17. O-O Nf5 18. Kh2 Rb8 19. g3 Bc6 20. Kh3 Qd7 21. Bd2 Rd8 22. Ra3 Kf8 23. Rf2 Kg7 24. Bf1 Bxg5 25. Nxg5 Ne3 26. Bxe3 dxe3 27. Rh2 Qd4 28. Qb3 Rd7 29. Qc3 Rhd8 30. Qe1 e2 31. Qxe2 Nxd3 32. Qc2 Qe3 33. Bxd3 Rxd3 34. Rxd3 Rxd3 35. Qf2 Qc1 36. Qe2 Qxc4 37. Rf2 Qb3 38. Rg2 Bxg2+ 39. Qxg2 Qxa4 40. Ne4 Qc6 41. Qe2 Rd4 42. Nf2 Qd5 43. Qe3 a4 44. Kh2 Rd2 45. Kh3 Qd4 0-1

[Event "Krakow Championship-B 2022"]
[Site "Krakow"]
[Date "2022.06.26"]
[Round "3.12"]
[White "Marciniak, Leonard"]
[Black "Spanton, Tim R"]
[Result "1/2-1/2"]
[ECO "D07"]
[WhiteElo "1799"]
[BlackElo "1860"]
[Annotator "NA RC"]
[PlyCount "113"]
[EventDate "2022.06.25"]
[EventType "swiss"]
[EventCountry "POL"]
[SourceTitle "playchess.com"]
[Source "ChessBase"]
[SourceQuality "1"]
[TimeControl "40/5400+30:1800+30"]

1. d4 d5 2. c4 Nc6 3. Nf3 Bg4 4. Nbd2 dxc4 5. Qa4 Qd7 6. Qxc4 O-O-O 7. e3 e5 8. dxe5 Bxf3 9. gxf3 Bb4 10. Qc2 Nxe5 11. Be2 Nf6 12. a3 Bxd2+ 13. Bxd2 Nd3+ 14. Bxd3 Qxd3 15. Qxd3 Rxd3 16. Rc1 Rhd8 17. Rc2 Nd7 18. Ke2 Ne5 19. Bc3 f6 20. Rhc1 Nc6 21. b4 R8d7 22. b5 Nd8 23. f4 R3d5 24. a4 Rh5 25. Rh1 Nf7 26. Bd4 Kb8 27. Kf3 Nd6 28. Kg4 Rd5 29. Rhc1 h5+ 30. Kf3 Nf5 31. Bc3 Rc5 32. Bb4 Rxc2 33. Rxc2 Rd1 34. Rd2 Rxd2 35. Bxd2 Kc8 36. Bc3 Kd7 37. e4 Ne7 38. f5 c6 39. bxc6+ Kxc6 40. Bb4 Kd7 41. Bxe7 Kxe7 42. Ke3 b6 43. f4 Kd6 44. Kd4 a6 45. h4 b5 46. axb5 axb5 47. e5+ fxe5+ 48. fxe5+ Kc6 49. Ke4 b4 50. Kd4 b3 51. Kc3 Kd5 52. e6 Kd6 53. Kxb3 g6 54. fxg6 Kxe6 55. Kc3 Kf6 56. Kd4 Kxg6 57. Ke4 1/2-1/2

[Event "Krakow Championship-B 2022"]
[Site "Krakow"]
[Date "2022.06.27"]
[Round "4.1"]
[White "Stemmler, Fabian"]
[Black "Skomial, Mateusz"]
[Result "0-1"]
[ECO "C31"]
[WhiteElo "2054"]
[BlackElo "2063"]
[Annotator "NA RC"]
[PlyCount "86"]
[EventDate "2022.06.25"]
[EventType "swiss"]
[EventCountry "POL"]
[SourceTitle "playchess.com"]
[Source "ChessBase"]
[SourceQuality "1"]
[TimeControl "40/5400+30:1800+30"]

1. e4 e5 2. f4 d5 3. exd5 exf4 4. Nf3 Bg4 5. Nc3 Nf6 6. d4 Nxd5 7. Nxd5 Qxd5 8. Bxf4 Bd6 9. Bxd6 Qxd6 10. Qe2+ Be6 11. O-O-O O-O 12. Qe5 Rd8 13. Qxd6 Rxd6 14. Ng5 Bd5 15. c4 h6 16. Nf3 Bxf3 17. gxf3 Nc6 18. d5 Rad8 19. f4 Ne7 20. Bg2 Rf6 21. Rhe1 Ng6 22. f5 Rxf5 23. Be4 Rf4 24. Bxg6 fxg6 25. b3 Kf7 26. Re2 Re8 27. Rde1 Rxe2 28. Rxe2 g5 29. Kd2 Rf3 30. Re3 Rf2+ 31. Re2 Rxe2+ 32. Kxe2 Kf6 33. Ke3 Ke5 34. Kf3 Kd4 35. Kg4 g6 36. h3 b5 37. d6 cxd6 38. cxb5 Kc5 39. a4 d5 40. Kf3 h5 41. Kg3 d4 42. Kf3 g4+ 43. hxg4 h4 0-1

[Event "Krakow Championship-B 2022"]
[Site "Krakow"]
[Date "2022.06.27"]
[Round "4.2"]
[White "Malik, Maciej"]
[Black "Szczurek, Krzysztof"]
[Result "0-1"]
[ECO "B21"]
[WhiteElo "1984"]
[BlackElo "2151"]
[Annotator "RC"]
[PlyCount "82"]
[EventDate "2022.06.25"]
[EventType "swiss"]
[EventCountry "POL"]
[SourceTitle "playchess.com"]
[Source "ChessBase"]
[SourceQuality "1"]
[TimeControl "40/5400+30:1800+30"]

1. e4 c5 2. d4 cxd4 3. c3 dxc3 4. Nxc3 d6 5. Bc4 e6 6. Nf3 Be7 7. O-O Nf6 8. Bf4 O-O 9. Qe2 e5 10. Bg5 Bg4 11. h3 Bh5 12. Rad1 Nc6 13. g4 Bg6 14. Bxf6 Bxf6 15. Qd2 Be7 16. Rfe1 Qd7 17. b4 Rfc8 18. Bb3 Qe8 19. Nd5 Bf8 20. h4 Qd7 21. Qg5 Kh8 22. h5 h6 23. Qh4 Bh7 24. g5 Be7 25. b5 Nd4 26. Rxd4 exd4 27. e5 Bxg5 28. Qxd4 Qf5 29. Kg2 Rd8 30. exd6 Rxd6 31. Re5 Qd3 32. Qg4 f6 33. Re1 Rxd5 34. Rd1 Qf5 35. Qxf5 Rxf5 36. Rd7 Rxb5 37. Nd4 Rb6 38. Kg3 f5 39. f4 Bf6 40. Nf3 Bg8 41. Bc2 Rd8 0-1

[Event "Krakow Championship-B 2022"]
[Site "Krakow"]
[Date "2022.06.27"]
[Round "4.3"]
[White "Owoc, Jakub"]
[Black "Duncan, Patrick C M"]
[Result "1-0"]
[ECO "B13"]
[WhiteElo "1741"]
[BlackElo "2013"]
[Annotator "NA RC"]
[PlyCount "93"]
[EventDate "2022.06.25"]
[EventType "swiss"]
[EventCountry "POL"]
[SourceTitle "playchess.com"]
[Source "ChessBase"]
[SourceQuality "1"]
[TimeControl "40/5400+30:1800+30"]

1. e4 c6 2. d4 d5 3. exd5 cxd5 4. Bd3 Nc6 5. c3 Nf6 6. h3 g6 7. Bf4 Bf5 8. Be2 Bg7 9. Nd2 h5 10. Ngf3 O-O 11. O-O a6 12. Nh4 Qd7 13. Nb3 b6 14. Nxf5 Qxf5 15. Bc7 b5 16. Bd3 Qc8 17. Bh2 Nd7 18. f4 f5 19. Qe2 Nf6 20. a4 b4 21. Nc5 bxc3 22. bxc3 Ne4 23. Bxe4 dxe4 24. Kh1 a5 25. Rab1 Nb8 26. Rb5 Nd7 27. Rfb1 Nxc5 28. Rxc5 Qd7 29. Qc4+ Kh7 30. Rc7 Qd6 31. Rc6 Qd7 32. Rb5 Bf6 33. Bg1 Kg7 34. d5 Rfc8 35. Rbc5 Rcb8 36. d6 Kh6 37. Rd5 e6 38. Rb5 Rxb5 39. Qxb5 Bxc3 40. Rxc3 Qxd6 41. Rc6 Qxf4 42. Rxe6 Rb8 43. Be3 Qxe3 44. Qxb8 f4 45. Qh8+ Kg5 46. Qf6+ Kh6 47. Qxg6# 1-0

[Event "Krakow Championship-B 2022"]
[Site "Krakow"]
[Date "2022.06.27"]
[Round "4.4"]
[White "Khandhar, Kaushal"]
[Black "Budkiewicz, Magdalena"]
[Result "1-0"]
[ECO "E68"]
[WhiteElo "1936"]
[BlackElo "1916"]
[Annotator "NA RC"]
[PlyCount "129"]
[EventDate "2022.06.25"]
[EventType "swiss"]
[EventCountry "POL"]
[SourceTitle "playchess.com"]
[Source "ChessBase"]
[SourceQuality "1"]
[TimeControl "40/5400+30:1800+30"]

1. d4 Nf6 2. c4 g6 3. Nf3 Bg7 4. g3 O-O 5. Bg2 d6 6. O-O Nbd7 7. Nc3 e5 8. e4 exd4 9. Nxd4 a5 10. h3 Nc5 11. Be3 Re8 12. Qc2 Bd7 13. Rad1 Qc8 14. Kh2 h5 15. Rfe1 Ne6 16. Nxe6 Bxe6 17. c5 dxc5 18. Bxc5 Rd8 19. f4 c6 20. Bb6 Rxd1 21. Rxd1 Qe8 22. e5 Nd7 23. Bg1 Rd8 24. Qa4 Nf8 25. Qxa5 Rxd1 26. Nxd1 Qd7 27. Nc3 Qd2 28. Qb6 h4 29. Qf2 hxg3+ 30. Kxg3 Qd3+ 31. Qe3 Qc2 32. Qe2 Qxe2 33. Nxe2 Bxa2 34. Nc3 Bc4 35. Ne4 Ne6 36. h4 Kf8 37. Bf3 Ke7 38. h5 Bh6 39. Be3 gxh5 40. Bxh5 Ng7 41. Bg4 Ne8 42. Bc5+ Kd8 43. Bb6+ Ke7 44. f5 f6 45. exf6+ Kd7 46. Bh5 Nd6 47. Nc5+ Kc8 48. Bg4 Bg5 49. f7 Nxf7 50. f6+ Kb8 51. Nd7+ Ka8 52. Bc7 b5 53. Bf4 Bxf4+ 54. Kxf4 Kb7 55. Ne5 Nxe5 56. Kxe5 Bf7 57. Be6 Bh5 58. f7 Bxf7 59. Bxf7 Kb6 60. Kd4 c5+ 61. Kd5 c4 62. Bg6 Ka5 63. Kc5 Ka4 64. Bc2+ Ka5 65. Bd1 1-0

[Event "Krakow Championship-B 2022"]
[Site "Krakow"]
[Date "2022.06.27"]
[Round "4.5"]
[White "Czaplak, Lukasz"]
[Black "Zamekhovskiy, Yevgen"]
[Result "1/2-1/2"]
[ECO "A49"]
[WhiteElo "1905"]
[BlackElo "1926"]
[Annotator "NA RC"]
[PlyCount "65"]
[EventDate "2022.06.25"]
[EventType "swiss"]
[EventCountry "POL"]
[SourceTitle "playchess.com"]
[Source "ChessBase"]
[SourceQuality "1"]
[TimeControl "40/5400+30:1800+30"]

1. d4 Nf6 2. Nf3 g6 3. g3 Bg7 4. Bg2 O-O 5. O-O d6 6. b3 e5 7. dxe5 Nfd7 8. Bb2 Nc6 9. Qc1 dxe5 10. Rd1 Re8 11. e4 Qf6 12. Nc3 Nb6 13. Nd5 Nxd5 14. exd5 Bg4 15. dxc6 Bxf3 16. Bxf3 Qxf3 17. cxb7 Qxb7 18. Qe3 Qc6 19. Qc3 Qe6 20. Qc5 h5 21. h4 Qf5 22. Qc6 Rad8 23. Qc4 Qf3 24. Rxd8 Rxd8 25. Qxc7 Rd2 26. Rf1 Qe2 27. Qxa7 Rxc2 28. Bc1 Rxa2 29. Qb8+ Kh7 30. Be3 f5 31. Qb7 Qg4 32. Bg5 Qd4 33. Be3 1/2-1/2